 Dungeon Crawl Stone Soup version 0.23.0 (webtiles) character file.

Game seed: 2541239927635244649

156 Laan the Shield-Bearer (level 5, 0/33 HPs)
             Began as a Gargoyle Fighter on Feb 8, 2019.
             Slain by Sigmund
             ... wielding a +5 scythe of venom
              (7 damage)
             ... on level 2 of the Dungeon.
             The game lasted 00:03:09 (1184 turns).

Laan the Shield-Bearer (Gargoyle Fighter)           Turns: 1184, Time: 00:03:09

Health: 0/33       AC: 12    Str: 26    XL:     5   Next: 37%
Magic:  5/5        EV:  7    Int:  8    God:
Gold:   243        SH:  9    Dex:  7    Spells: 4/4 levels left

rFire    . . .     SeeInvis .   a - +0 war axe
rCold    + . .     Gourm    +   c - +0 shield
rNeg     + . .     Faith    .   b - +0 scale mail
rPois    ∞         Spirit   .   (no helmet)
rElec    +         Reflect  .   k - scarf {cloud immunity}
rCorr    .         Harm     .   h - +0 pair of gloves
MR       .....                  (no boots)
Stlth    ..........             l - amulet of the gourmand
HPRegen  0.11/turn              m - ring of protection from cold
MPRegen  0.09/turn              n - -2 ring of dexterity (curse)

@: mighty
A: negative energy resistance 1, electricity resistance, unbreathing,
petrification resistance, rot immunity, AC +4
a: no special abilities


You were on level 2 of the Dungeon.
You were not hungry.

You visited 1 branch of the dungeon, and saw 2 of its levels.

You collected 243 gold pieces.

Inventory:

Hand Weapons
 a - a +0 war axe (weapon)
Armour
 b - a +0 scale mail (worn)
 c - a +0 shield (worn)
 h - a +0 pair of gloves (worn)
 k - a scarf of cloud immunity (worn)
Jewellery
 e - an uncursed amulet of the acrobat
 g - an uncursed ring of magical power {unknown}
 l - an amulet of the gourmand (around neck)
 m - a ring of protection from cold (left hand)
 n - a cursed -2 ring of dexterity (right hand)
Scrolls
 j - a scroll of teleportation {unknown}
 o - a scroll of remove curse {unknown}
Potions
 d - 2 potions of might
 i - 2 potions of curing {unknown}
Comestibles
 f - 3 rations


   Skills:
 + Level 4.2 Fighting
 * Level 3.6 Axes
 - Level 3.2 Armour
 + Level 4.3 Shields


You had 4 spell levels left.
You didn't know any spells.
Your spell library was empty.

Dungeon Overview and Level Annotations

Branches:
Dungeon (2/15)

Altars:

Annotations:
D:2 Sigmund


Innate Abilities, Weirdness & Mutations

You are resistant to torment.
Your stone body is resilient. (AC +4)
You are immune to poison.
You resist negative energy. (rN+)
You are resistant to electric shocks. (rElec)
You can survive without breathing.
You are immune to petrification.
You are immune to rotting.


Message History

Sigmund is lightly wounded.
Sigmund hits you with a +5 scythe of venom!
You hit Sigmund.
Sigmund is moderately wounded.
You block Sigmund's attack.
Your shield and scale mail prevent you from hitting Sigmund.
Sigmund is moderately wounded.
Sigmund barely misses you.
Your shield prevents you from hitting Sigmund.
Sigmund is moderately wounded.
You closely miss Sigmund.
Sigmund is moderately wounded.
Sigmund hits you but does no damage.
You closely miss Sigmund.
Sigmund is moderately wounded.
Sigmund casts a spell at you. The puff of flame hits you.
* * * LOW HITPOINT WARNING * * *
Sigmund hits you with a +5 scythe of venom!
You die...

......#.....######....#
##....
#######.....######....#
##### #...##.....#....#
# #.....#.#### #
#.....#.# #.%...#.#
#.....#.# ####
+.....'.# .....
#$...@### .....
.......@# .....
....#....# ..###
....#.##.. . #.#.?.
.... #....# ..#. $..#
.### .#. ..


You could see Sigmund.

Vanquished Creatures
  A necrophage (D:2)
  2 adders (D:2)
  An ooze (D:1)
  A worm (D:2)
  A dart slug (D:1)
  2 leopard geckos
  6 bats
  2 giant cockroaches (D:1)
  4 goblins (D:1)
  7 hobgoblins
  4 jackals (D:1)
  A quokka (D:2)
  2 frilled lizards (D:2)
  3 kobolds
  5 rats
42 creatures vanquished.

Vanquished Creatures (others)
  4 toadstools (D:1)
4 creatures vanquished.

Grand Total: 46 creatures vanquished

Notes
Turn   | Place    | Note
-------+----------+-------------------------------------------
     0 | D:1      | Laan the Gargoyle Fighter began the quest for the Orb.
     0 | D:1      | Reached XP level 1. HP: 14/14 MP: 1/1
   123 | D:1      | Reached XP level 2. HP: 19/19 MP: 2/2
   346 | D:1      | Reached XP level 3. HP: 18/23 MP: 3/3
   742 | D:2      | Reached XP level 4. HP: 26/29 MP: 4/4
  1158 | D:2      | Noticed a necrophage
  1170 | D:2      | Killed a necrophage
  1170 | D:2      | Reached XP level 5. HP: 28/33 MP: 5/5
  1173 | D:2      | Noticed Sigmund
  1184 | D:2      | Slain by Sigmund

Skill      XL: |  1  2  3  4 |
---------------+-------------+-----
Axes           | 2 3 |  3.6
Fighting       | 4 |  4.2
Shields        | 4 |  4.3
Armour         | |  3.2

Action                   |  1- 3 |  4- 6 || total
-------------------------+-------+-------++-------
Melee: War axe           |   150 |    86 ||   236
  Use: Scroll            |       |     1 ||     1
       Potion            |       |     1 ||     1
  Eat: Chunk             |       |    10 ||    10
Armor: Scale mail        |    92 |    60 ||   152
Dodge: Dodged            |    88 |    26 ||   114
Block: Shield            |    93 |    43 ||   136
